[ AOE2 MATCH · #460734895 ]
UnrankedBurmese vs Spanish
Player's team · LOSS
Rival team · WIN
[ REPLAY ANALYSIS · EXTRACTED FROM THE RECORDED GAME ]
Feudal
9:30
Castle
21:38
Imperial
—
| APM avg | 75.3 |
| APM peak | 128 |
| eAPM avg | 45.1 |
| Villagers / military | 126 / 74 |
Focus
⚔️ 63.1% · 🌾 36.9%
Knight ×34 · Scorpion ×12 · Mangonel ×9 · Spearman ×7 · Scout Cavalry ×5 · Militia ×4
Feudal
8:52
Castle
21:22
Imperial
36:32
| APM avg | 52.1 |
| APM peak | 107 |
| eAPM avg | 21.6 |
| Villagers / military | 72 / 60 |
Focus
⚔️ 37.3% · 🌾 62.7%
Cavalry Archer ×29 · Missionary ×6 · Skirmisher ×5 · Spearman ×4 · Scout Cavalry ×4 · Battering Ram ×3
Match map
Initial resources + every placement click. Lines = walls · curves = elevation contours. ◆ gold · ⬟ stone · ● berries · ✦ relic · ◌ wall gap
Your base· Open — opponent sealed themselves in
Hippieee's base· ✓ Closed at 21:22 · 74t walls · 2 gate(s)
Smoothed initial terrain · ◌ = detected wall gap · hover for details
Inputs per minute
— Pinheads | Knolte - - Hippieee
Build order — Pinheads | Knolte
First 150 of 339 actions detected
| 0:02 | Create | Villager (Male) |
| 0:02 | Build | House |
| 0:03 | Create | Villager (Male) |
| 0:04 | Build | House |
| 0:23 | Create | Villager (Male) |
| 0:31 | Create | Villager (Male) |
| 1:26 | Create | Villager (Male) |
| 2:01 | Create | Villager (Male) |
| 2:06 | Build | Lumber Camp |
| 2:11 | Create | Villager (Male) |
| 2:42 | Create | Villager (Male) |
| 3:18 | Create | Villager (Male) |
| 3:29 | Build | House |
| 3:37 | Create | Villager (Male) |
| 4:07 | Create | Villager (Male) |
| 4:35 | Create | Villager (Male) |
| 4:35 | Create | Villager (Male) |
| 4:35 | Create | Villager (Male) |
| 5:02 | Create | Villager (Male) |
| 5:05 | Build | Barracks |
| 5:21 | Create | Villager (Male) |
| 5:36 | Build | House |
| 5:53 | Create | Villager (Male) |
| 5:56 | Research | Loom |
| 6:13 | Build | Palisade Wall |
| 6:46 | Create | Villager (Male) |
| 7:19 | Build | Mining Camp |
| 7:20 | Research | Feudal Age |
| 7:51 | Create | Militia |
| 7:57 | Build | Palisade Wall |
| 7:57 | Build | Palisade Wall |
| 8:28 | Create | Militia |
| 8:29 | Create | Militia |
| 8:38 | Build | Mill |
| 9:30 | Age | Feudal Age |
| 9:32 | Create | Villager (Male) |
| 9:38 | Research | Man-at-Arms (upgrade) |
| 9:43 | Create | Spearman |
| 9:50 | Build | Palisade Wall |
| 9:52 | Build | Palisade Wall |
| 9:53 | Build | Palisade Wall |
| 10:01 | Create | Villager (Male) |
| 10:04 | Build | Farm |
| 10:05 | Build | Farm |
| 10:06 | Build | Farm |
| 10:07 | Create | Spearman |
| 10:24 | Build | House |
| 10:26 | Build | House |
| 10:38 | Create | Villager (Male) |
| 11:06 | Create | Villager (Male) |
| 11:12 | Build | Farm |
| 11:13 | Build | Farm |
| 11:24 | Create | Villager (Male) |
| 11:37 | Build | Farm |
| 11:50 | Create | Militia |
| 11:52 | Create | Villager (Male) |
| 12:02 | Build | Farm |
| 12:12 | Create | Villager (Male) |
| 12:13 | Create | Spearman |
| 12:51 | Create | Villager (Male) |
| 13:15 | Build | Stable |
| 13:17 | Create | Villager (Male) |
| 13:18 | Build | Farm |
| 13:34 | Create | Villager (Male) |
| 13:48 | Create | Villager (Male) |
| 13:57 | Create | Scout Cavalry |
| 13:58 | Build | House |
| 13:59 | Create | Villager (Male) |
| 14:01 | Build | House |
| 14:08 | Research | Wheelbarrow |
| 14:11 | Build | Farm |
| 14:12 | Research | Town Watch |
| 14:34 | Create | Villager (Male) |
| 14:54 | Create | Scout Cavalry |
| 14:56 | Build | Farm |
| 14:56 | Build | Farm |
| 15:00 | Build | Farm |
| 15:03 | Create | Scout Cavalry |
| 15:10 | Build | House |
| 15:16 | Build | Palisade Wall |
| 15:24 | Create | Scout Cavalry |
| 15:29 | Create | Spearman |
| 15:41 | Build | Palisade Gate |
| 15:50 | Create | Villager (Male) |
| 15:58 | Build | House |
| 16:01 | Create | Scout Cavalry |
| 16:04 | Create | Spearman |
| 16:17 | Create | Villager (Male) |
| 16:41 | Build | Farm |
| 16:41 | Build | Farm |
| 16:50 | Create | Villager (Male) |
| 17:00 | Create | Villager (Male) |
| 17:09 | Build | Farm |
| 17:24 | Build | Blacksmith |
| 17:39 | Build | Farm |
| 17:42 | Create | Villager (Male) |
| 17:43 | Research | Town Watch |
| 18:09 | Create | Villager (Male) |
| 18:26 | Build | Farm |
| 18:27 | Build | Farm |
| 18:58 | Research | Castle Age |
| 19:09 | Build | Stable |
| 19:38 | Create | Spearman |
| 19:56 | Build | Farm |
| 19:56 | Build | Farm |
| 19:57 | Build | Farm |
| 19:58 | Build | Farm |
| 19:58 | Research | Horse Collar |
| 20:10 | Create | Spearman |
| 20:13 | Research | Bloodlines |
| 20:20 | Build | House |
| 20:24 | Research | Gold Mining |
| 20:50 | Build | House |
| 20:51 | Research | Scale Barding Armor |
| 20:56 | Build | Farm |
| 21:19 | Build | Farm |
| 21:34 | Create | Villager (Male) |
| 21:38 | Age | Castle Age |
| 21:42 | Build | Town Center |
| 21:42 | Create | Villager (Male) |
| 21:45 | Create | Knight |
| 21:45 | Create | Knight |
| 21:53 | Build | Monastery |
| 22:05 | Create | Villager (Male) |
| 22:11 | Create | Knight |
| 22:15 | Create | Villager (Male) |
| 22:21 | Create | Knight |
| 22:23 | Create | Villager (Male) |
| 22:41 | Create | Villager (Male) |
| 22:49 | Create | Knight |
| 22:49 | Create | Knight |
| 22:53 | Create | Villager (Male) |
| 23:00 | Create | Villager (Male) |
| 23:17 | Create | Villager (Male) |
| 23:27 | Create | Villager (Male) |
| 23:34 | Create | Monk |
| 23:35 | Create | Villager (Male) |
| 23:42 | Build | Town Center |
| 23:42 | Create | Villager (Male) |
| 23:58 | Create | Villager (Male) |
| 24:02 | Build | House |
| 24:03 | Build | House |
| 24:08 | Build | Farm |
| 24:09 | Build | Farm |
| 24:11 | Build | Farm |
| 24:12 | Build | Farm |
| 24:19 | Build | Farm |
| 24:21 | Create | Villager (Male) |
| 24:23 | Create | Knight |
| 24:28 | Create | Villager (Male) |
Build order — Hippieee
First 150 of 275 actions detected
| 0:00 | Create | Villager (Male) ×4 |
| 0:02 | Build | House |
| 0:03 | Build | House |
| 1:23 | Create | Villager (Male) |
| 1:39 | Create | Villager (Male) |
| 1:57 | Build | House |
| 2:03 | Create | Villager (Male) |
| 2:30 | Create | Villager (Male) |
| 2:51 | Create | Villager (Male) |
| 2:57 | Build | Lumber Camp |
| 3:18 | Create | Villager (Male) |
| 3:28 | Create | Villager (Male) |
| 3:39 | Build | House |
| 4:18 | Create | Villager (Male) |
| 4:29 | Build | House |
| 4:50 | Build | Mill |
| 4:51 | Create | Villager (Male) |
| 5:14 | Create | Villager (Male) |
| 5:23 | Create | Villager (Male) |
| 5:53 | Research | Loom |
| 6:42 | Research | Feudal Age |
| 7:24 | Build | Barracks |
| 7:26 | Build | Palisade Wall |
| 7:42 | Build | House |
| 7:44 | Build | Palisade Wall |
| 7:48 | Create | Villager (Male) |
| 7:57 | Build | Palisade Wall |
| 7:58 | Build | Palisade Wall |
| 7:59 | Build | Palisade Wall |
| 8:01 | Build | Palisade Wall |
| 8:04 | Build | Palisade Wall |
| 8:06 | Build | Palisade Wall |
| 8:07 | Build | Palisade Wall |
| 8:09 | Build | Palisade Wall |
| 8:10 | Build | Palisade Wall |
| 8:12 | Build | Palisade Wall |
| 8:52 | Age | Feudal Age |
| 8:56 | Build | Stable |
| 9:01 | Create | Villager (Male) |
| 9:03 | Build | Palisade Wall |
| 9:04 | Build | Palisade Wall |
| 9:05 | Build | Palisade Wall |
| 9:05 | Build | Palisade Wall |
| 9:06 | Build | Palisade Wall |
| 9:07 | Build | Palisade Wall |
| 9:07 | Build | Palisade Wall |
| 9:19 | Create | Villager (Male) |
| 9:29 | Create | Scout Cavalry |
| 9:29 | Create | Scout Cavalry |
| 9:29 | Create | Scout Cavalry |
| 9:44 | Build | Palisade Wall |
| 9:44 | Build | Palisade Wall |
| 9:45 | Build | Palisade Wall |
| 9:45 | Build | Palisade Wall |
| 9:47 | Research | Double-Bit Axe |
| 10:09 | Create | Villager (Male) |
| 10:10 | Build | Farm |
| 10:22 | Build | House |
| 10:33 | Create | Villager (Male) |
| 10:36 | Build | Farm |
| 10:57 | Create | Villager (Male) |
| 10:58 | Build | Farm |
| 11:12 | Build | Archery Range |
| 11:26 | Create | Villager (Male) |
| 11:40 | Create | Scout Cavalry |
| 11:46 | Build | Farm |
| 11:51 | Create | Skirmisher |
| 11:53 | Build | House |
| 11:57 | Build | House |
| 12:06 | Create | Villager (Male) |
| 12:13 | Create | Archer |
| 12:15 | Build | House |
| 12:19 | Build | Farm |
| 12:21 | Build | Farm |
| 12:33 | Build | House |
| 12:59 | Build | Farm |
| 13:06 | Build | Farm |
| 13:07 | Build | Farm |
| 13:11 | Create | Archer |
| 13:15 | Create | Villager (Male) |
| 13:15 | Create | Villager (Male) |
| 13:32 | Create | Villager (Male) |
| 13:57 | Create | Skirmisher |
| 13:58 | Create | Villager (Male) |
| 14:02 | Build | Mining Camp |
| 14:03 | Build | House |
| 14:05 | Create | Villager (Male) |
| 14:07 | Build | Farm |
| 14:08 | Build | Farm |
| 14:31 | Build | Blacksmith |
| 14:52 | Create | Villager (Male) |
| 14:58 | Build | Farm |
| 15:00 | Build | Farm |
| 15:02 | Build | Farm |
| 15:07 | Build | Palisade Wall |
| 15:09 | Build | Palisade Wall |
| 15:14 | Create | Villager (Male) |
| 15:18 | Build | Palisade Wall |
| 15:19 | Build | Palisade Wall |
| 15:25 | Create | Skirmisher |
| 15:32 | Build | Palisade Wall |
| 15:35 | Build | House |
| 15:36 | Build | Palisade Wall |
| 15:37 | Build | Palisade Wall |
| 15:42 | Create | Skirmisher |
| 16:12 | Create | Villager (Male) |
| 16:13 | Create | Spearman |
| 16:27 | Create | Villager (Male) |
| 16:27 | Create | Spearman |
| 16:28 | Create | Skirmisher |
| 16:33 | Build | Palisade Gate |
| 16:35 | Build | Palisade Wall |
| 16:51 | Create | Spearman |
| 17:02 | Create | Villager (Male) |
| 17:24 | Create | Villager (Male) |
| 17:35 | Build | Market |
| 17:39 | Create | Spearman |
| 17:45 | Create | Villager (Male) |
| 18:06 | Create | Villager (Male) |
| 18:18 | Build | House |
| 18:32 | Build | House |
| 18:32 | Research | Castle Age |
| 18:50 | Build | House |
| 18:54 | Build | Palisade Wall |
| 18:55 | Build | Palisade Wall |
| 18:56 | Build | House |
| 18:59 | Build | House |
| 19:03 | Build | Palisade Gate |
| 19:09 | Build | House |
| 19:33 | Create | Villager (Male) |
| 19:36 | Build | Farm |
| 19:45 | Build | Archery Range |
| 20:09 | Build | Palisade Wall |
| 20:15 | Create | Villager (Male) |
| 20:17 | Research | Fletching |
| 20:42 | Build | House |
| 21:02 | Build | Stable |
| 21:22 | Age | Castle Age |
| 21:24 | Create | Cavalry Archer |
| 21:25 | Create | Cavalry Archer |
| 21:28 | Research | Bodkin Arrow |
| 21:38 | Build | Lumber Camp |
| 21:43 | Research | Bloodlines |
| 21:50 | Create | Villager (Male) |
| 21:54 | Create | Cavalry Archer |
| 21:55 | Create | Cavalry Archer |
| 22:16 | Build | Farm |
| 22:21 | Research | Husbandry |
| 22:27 | Create | Villager (Male) |
| 22:33 | Research | Horse Collar |
Match timeline
| 5:05 | Pinheads | Knolte · first_building Barracks |
| 6:13 | Pinheads | Knolte · wall_segment Palisade Wall x4 |
| 7:24 | Hippieee · first_building Barracks |
| 7:26 | Hippieee · wall_segment Palisade Wall x1 |
| 7:44 | Hippieee · wall_segment Palisade Wall x1 |
| 7:57 | Hippieee · wall_segment Palisade Wall x1 |
| 7:57 | Pinheads | Knolte · wall_segment Palisade Wall x1 |
| 7:57 | Pinheads | Knolte · wall_segment Palisade Wall x1 |
| 7:58 | Hippieee · wall_segment Palisade Wall x1 |
| 7:59 | Hippieee · wall_segment Palisade Wall x1 |
| 8:01 | Hippieee · wall_segment Palisade Wall x1 |
| 8:04 | Hippieee · wall_segment Palisade Wall x1 |
| 8:06 | Hippieee · wall_segment Palisade Wall x1 |
| 8:07 | Hippieee · wall_segment Palisade Wall x1 |
| 8:09 | Hippieee · wall_segment Palisade Wall x1 |
| 8:10 | Hippieee · wall_segment Palisade Wall x1 |
| 8:12 | Hippieee · wall_segment Palisade Wall x1 |
| 8:52 | Hippieee · age_up feudal |
| 8:56 | Hippieee · first_building Stable |
| 9:03 | Hippieee · wall_segment Palisade Wall x1 |
| 9:04 | Hippieee · wall_segment Palisade Wall x1 |
| 9:05 | Hippieee · wall_segment Palisade Wall x1 |
| 9:05 | Hippieee · wall_segment Palisade Wall x1 |
| 9:06 | Hippieee · wall_segment Palisade Wall x1 |
| 9:07 | Hippieee · wall_segment Palisade Wall x1 |
| 9:07 | Hippieee · wall_segment Palisade Wall x1 |
| 9:30 | Pinheads | Knolte · age_up feudal |
| 9:44 | Hippieee · wall_segment Palisade Wall x1 |
| 9:44 | Hippieee · wall_segment Palisade Wall x1 |
| 9:45 | Hippieee · wall_segment Palisade Wall x1 |
| 9:45 | Hippieee · wall_segment Palisade Wall x1 |
| 9:50 | Pinheads | Knolte · wall_segment Palisade Wall x2 |
| 9:52 | Pinheads | Knolte · wall_segment Palisade Wall x1 |
| 9:53 | Pinheads | Knolte · wall_segment Palisade Wall x1 |
| 11:12 | Hippieee · first_building Archery Range |
| 13:15 | Pinheads | Knolte · first_building Stable |
| 15:07 | Hippieee · wall_segment Palisade Wall x3 |
| 15:09 | Hippieee · wall_segment Palisade Wall x9 |
| 15:16 | Pinheads | Knolte · wall_segment Palisade Wall x1 |
| 15:18 | Hippieee · wall_segment Palisade Wall x4 |
| 15:19 | Hippieee · wall_segment Palisade Wall x9 |
| 15:32 | Hippieee · wall_segment Palisade Wall x1 |
| 15:36 | Hippieee · wall_segment Palisade Wall x1 |
| 15:37 | Hippieee · wall_segment Palisade Wall x5 |
| 16:35 | Hippieee · wall_segment Palisade Wall x1 |
| 18:29 | Hippieee · first_market_buy 100 food |
| 18:54 | Hippieee · wall_segment Palisade Wall x1 |
| 18:55 | Hippieee · wall_segment Palisade Wall x1 |
| 20:09 | Hippieee · wall_segment Palisade Wall x17 |
| 21:22 | Hippieee · age_up castle |
| 21:38 | Pinheads | Knolte · age_up castle |
| 21:53 | Pinheads | Knolte · first_building Monastery |
| 23:42 | Hippieee · first_building Monastery |
| 25:27 | Hippieee · wall_segment Palisade Wall x1 |
| 25:28 | Hippieee · wall_segment Palisade Wall x1 |
| 25:28 | Hippieee · wall_segment Palisade Wall x1 |
| 26:02 | Hippieee · wall_segment Palisade Wall x5 |
| 27:11 | Pinheads | Knolte · first_building Siege Workshop |
| 28:02 | Hippieee · first_building Siege Workshop |
| 28:48 | Hippieee · first_market_sell 100 wood |
| 33:07 | Hippieee · first_building Castle |
| 33:17 | Pinheads | Knolte · first_building Castle |
| 35:58 | Hippieee · wall_segment Stone Wall x1 |
| 36:32 | Hippieee · age_up imperial |
| 36:44 | Pinheads | Knolte · first_market_buy 500 food |
| 36:47 | Pinheads | Knolte · first_market_sell 500 wood |
| 37:49 | Pinheads | Knolte · resign |
[ AI ANALYSIS · 1 CREDIT ]
What really happened in this match?
Wolo.gg analyzes every decision: build order, eco, micro, common mistakes by bracket. Personalized analysis on WhatsApp or Discord in 30 seconds.
Civ guide
Burmese
Perfil
Jugador #239211